 Dungeon Crawl Stone Soup version 0.23.2-1-ga50397a (webtiles) character file.

Game seed: 5129553414260359909

157 Gazerockf the Magician (level 5, -9/28 HPs)
             Began as a Deep Elf Fire Elementalist on May 28, 2019.
             Shot with an arrow by a centaur (17 damage)
             ... on level 3 of the Dungeon.
             The game lasted 00:13:22 (2829 turns).

Gazerockf the Magician (Deep Elf Fire Elementalist) Turns: 2829, Time: 00:13:23

Health: -9/28      AC:  4    Str:  5    XL:     5   Next: 15%
Magic:  0/14       EV: 13    Int: 21    God:
Gold:   165        SH:  0    Dex: 15    Spells: 8/14 levels left

rFire    + . .     SeeInvis .   (no weapon)
rCold    . . .     Gourm    .   (no shield)
rNeg     . . .     Faith    .   a - +0 robe
rPois    .         Spirit   .   g - +0 helmet
rElec    .         Reflect  .   (no cloak)
rCorr    .         Harm     .   n - +0 pair of gloves
MR       .....                  (no boots)
Stlth    ++........             (no amulet)
HPRegen  0.09/turn              j - ring of protection from fire
MPRegen  0.14/turn              (no ring)

@: very slightly contaminated
A: no striking features
a: no special abilities


You were on level 3 of the Dungeon.
You were not hungry.

You visited 1 branch of the dungeon, and saw 3 of its levels.

You collected 165 gold pieces.

Inventory:

Armour
 a - a +0 robe (worn)
 g - a +0 helmet (worn)
 n - a +0 pair of gloves (worn)
Jewellery
 j - a ring of protection from fire (left hand)
Scrolls
 f - a scroll of noise {unknown}
 i - a scroll of enchant weapon {unknown}
 k - 3 scrolls of teleportation {unknown}
 m - 2 scrolls of amnesia {unknown}
 o - 3 scrolls of identify {unknown}
 p - a scroll of remove curse
 r - a scroll of immolation {unknown}
 s - a scroll of enchant armour {unknown}
Potions
 b - a potion of flight {unknown}
 d - 2 potions of might {unknown}
 e - a potion of lignification {unknown}
 h - 2 potions of brilliance {unknown}
 l - a potion of resistance {unknown}
Comestibles
 c - 13 rations
 q - 4 chunks of flesh


   Skills:
 - Level 2.4 Dodging
 - Level 2.4 Stealth
 - Level 5.0 Spellcasting
 + Level 4.4 Conjurations
 - Level 3.2 Fire Magic


You had 8 spell levels left.
You knew the following spells:

 Your Spells              Type           Power        Failure   Level  Hunger
a - Flame Tongue          Conj/Fire      ###..        2%          1    None
b - Throw Flame           Conj/Fire      ###...       3%          2    None
c - Inner Flame           Hex/Fire       ##......     17%         3    ##.....

Your spell library contained the following spells:

 Spells                   Type           Power        Failure   Level  Hunger
 Conjure Flame            Conj/Fire      ###.....     7%          3    ##.....
 Sticky Flame             Conj/Fire      ###.....     22%         4    ####...
 Recall                   Summ/Tloc      N/A          32%         3    ##.....
 Fireball                 Conj/Fire      ###.......   52%         5    #####..
 Aura of Abjuration       Summ           #.........   96%         5    #####..
 Summon Demon             Summ           #.........   96%         5    #####..
 Summon Forest            Summ/Tloc      #.........   96%         5    #####..
 Summon Mana Viper        Hex/Summ       #.......     96%         5    #####..
 Shadow Creatures         Summ           N/A          100%        6    #######


Dungeon Overview and Level Annotations

Branches:
Dungeon (3/15)

Altars:
Yredelemnul


Message History

Confirm with . or Enter, or press ? or * to list all spells.
Aiming: Throw Flame (safe; 3% risk of failure)
Press: ? - help, Shift-Dir - straight line, f/p - centaur
Aim: a centaur, wielding a +0 shortbow (lightly wounded)
The puff of flame hits the centaur!
The centaur is heavily wounded.
The centaur shoots an arrow.
The arrow closely misses you.
Casting: Throw Flame (safe; 3% risk of failure)
Confirm with . or Enter, or press ? or * to list all spells.
Aiming: Throw Flame (safe; 3% risk of failure)
Press: ? - help, Shift-Dir - straight line, f/p - centaur
Aim: a centaur, wielding a +0 shortbow (heavily wounded)
The puff of flame hits the centaur.
The centaur is severely wounded.
The centaur shoots an arrow.
The arrow hits you.
The centaur shoots an arrow.
The arrow hits you!
* * * LOW HITPOINT WARNING * * *
The centaur shoots an arrow.
The arrow hits you!
Ouch! That really hurt!
You die...

#.#####.##
#.# #.#
#.# #[#
#.# #(#
#.# #@#
#.# #.#
#(# #.#
.c# ...#
....#
##..##


You could see a centaur.

Vanquished Creatures
  A worker ant (D:3)
  5 adders
  A worm (D:2)
  3 dart slugs
  A leopard gecko (D:2)
  12 orcs
  5 giant cockroaches
  6 hobgoblins
  2 ball pythons
  3 bats
  6 frilled lizards
  11 goblins
  6 kobolds
  9 rats
71 creatures vanquished.

Notes
Turn   | Place    | Note
-------+----------+-------------------------------------------
     0 | D:1      | Gazerockf the Deep Elf Fire Elementalist began the quest
                  | for the Orb.
     0 | D:1      | Reached XP level 1. HP: 10/10 MP: 6/6
   230 | D:1      | Reached skill level 4 in Spellcasting
   230 | D:1      | Reached XP level 2. HP: 13/15 MP: 7/9
   236 | D:1      | Learned a level 2 spell: Throw Flame
   721 | D:1      | Reached XP level 3. HP: 16/19 MP: 1/11
  1068 | D:2      | Reached skill level 5 in Spellcasting
  1673 | D:1      | Reached XP level 4. HP: 9/24 MP: 0/13
  2393 | D:3      | Learned a level 3 spell: Inner Flame
  2656 | D:3      | Reached XP level 5. HP: 28/28 MP: 3/14
  2659 | D:3      | Found a basalt altar of Yredelemnul.
  2821 | D:3      | Noticed a centaur
  2829 | D:3      | Shot with an arrow by a centaur

Skill      XL: |  1  2  3  4 |
---------------+-------------+-----
Spellcasting   | 4 5 |  5.0
Conjurations   | 2 4 |  4.4
Dodging        | |  2.4
Stealth        | |  2.4
Fire Magic     | |  3.2

Action                   |  1- 3 |  4- 6 || total
-------------------------+-------+-------++-------
Melee: Unarmed           |    46 |     8 ||    54
 Cast: Flame Tongue      |    13 |    15 ||    28
       Throw Flame       |    54 |    45 ||    99
       Inner Flame       |       |     2 ||     2
  Use: Scroll            |     1 |       ||     1
 Stab: Sleeping          |     1 |       ||     1
  Eat: Chunk             |     2 |     4 ||     6
Armor: Robe              |    20 |     8 ||    28
Dodge: Dodged            |    51 |    31 ||    82
